Map: Abyssal Reef LE

Players

SortOf - Winner!

  • Race: Zerg Zerg
  • Spawn Location: 11:00

Elazer

  • Race: Zerg Zerg
  • Spawn Location: 5:00

Event: WCS Montreal 2017

VOD

Have the link to the VOD?

Description

Time

  • Played on: Sept. 8, 2017, 5:38 p.m.
  • Length: 10:35

All games in this series

Show
View Real Time Build Order
Export as new Build Order

SortOf Zerg - Winner!

Build Orders: Pool First 

Get SALT Encoding   

  12  0:17  Spawning Pool  
  11  0:22  Drone  
  11  0:28  Drone  
  13  0:34  Drone  
  14  0:40  Overlord  
  14  1:03  Zergling x4  
  16  1:05  Zergling x2  
  17  1:15  Zergling x2  
  18  1:21  Hatchery  
  17  1:26  Zergling x2  
  18  1:37  Zergling x2  
  18  1:39  Queen  
  21  1:50  Overlord  
  21  2:03  Drone  
  22  2:09  Drone  
  22  2:15  Queen  
  24  2:27  Drone  
  24  2:31  Drone  
  25  2:37  Drone  
  25  2:38  Queen  
  25  2:42  Overlord  
  27  2:44  Drone  
  27  2:50  Drone x2  
  30  2:54  Drone  
  30  2:56  Drone  
  32  3:02  Drone  
  32  3:03  Extractor  
  32  3:06  Drone x2  
  32  3:08  Extractor  
  32  3:17  Drone x2  
  34  3:24  Drone x4  
  38  3:29  Drone x2  
  38  3:33  Drone x2  
  42  3:45  Evolution Chamber  
  42  3:46  Drone x2  
  43  3:50  Overlord  
  43  3:55  Overlord  
  43  3:57  Lair  
  43  4:14  Drone, Roach Warren, Zerg Missile Weapons Level 1  
  43  4:15  Drone x3  
  44  4:17  Drone  
  44  4:20  Extractor  
  44  4:21  Drone  
  45  4:27  Drone x3  
  45  4:30  Drone x2  
  50  4:33  Overlord  
  50  4:46  Hatchery  
  50  4:48  Overlord  
  49  4:54  Roach x3  
  49  4:57  Glial Reconstitution  
  55  5:03  Roach  
  55  5:04  Roach  
  55  5:06  Roach  
  63  5:07  Roach  
  63  5:17  Roach x3  
  63  5:18  Roach  
  63  5:20  Overlord  
  71  5:23  Drone  
  71  5:24  Extractor  
  71  5:28  Drone x2  
  73  5:29  Drone  
  73  5:33  Overlord  
  73  5:34  Evolution Chamber  
  73  5:38  Drone  
  73  5:39  Overseer  
  73  5:42  Drone x2  
  76  5:52  Drone x2  
  76  5:55  Drone x2  
  76  5:56  Drone x2  
  82  6:02  Roach x3  
  88  6:07  Zerg Ground Armor Level 1  
  88  6:08  Drone x2  
  90  6:15  Roach x2  
  94  6:19  Drone x2  
  94  6:25  Drone x2  
  98  6:26  Overlord  
  98  6:27  Overlord  
  98  6:29  Extractor  
  98  6:31  Overlord  
  97  6:33  Overlord x2  
  97  6:37  Overlord  
  97  6:39  Zerg Missile Weapons Level 2  
  97  6:45  Roach  
  97  6:46  Roach x3  
  103  6:58  Roach x5  
  103  6:59  Overseer  
  103  7:00  Overseer  
  108  7:06  Roach x2  
  108  7:07  Overseer  
  107  7:08  Drone  
  107  7:10  Roach x3  
  107  7:11  Roach x2  
  107  7:14  Roach x2  
  119  7:15  Drone  
  119  7:18  Drone  
  119  7:19  Drone  
  118  7:23  Drone  
  118  7:28  Drone  
  117  7:31  Queen  
  117  7:33  Queen  
  117  7:35  Roach  
  117  7:37  Roach  
  124  7:38  Drone  
  124  7:39  Drone  
  124  7:41  Roach  
  128  7:44  Ravager  
  128  7:46  Ravager x2  
  128  7:48  Roach x2  
  135  7:52  Roach, Overlord  
  135  7:58  Drone  
  138  7:59  Overlord  
  138  8:08  Overlord  
  138  8:11  Roach  
  138  8:12  Roach x3  
  146  8:19  Roach x2  
  150  8:24  Roach x2  
  154  8:30  Ravager x2  
  154  8:31  Ravager x2, Roach x2  
  154  8:32  Overlord  
  154  8:34  Overlord  
  162  8:36  Overlord  
  162  8:38  Overlord  
  162  8:42  Overlord  
  162  8:46  Roach x3  
  162  8:52  Roach x4  
  162  8:53  Roach  
  171  9:01  Roach  
  171  9:02  Roach x4  
  174  9:06  Roach  
  174  9:07  Ravager  
  175  9:15  Roach x8  
  187  9:22  Roach x2  
  191  9:29  Roach x4  
  191  9:30  Roach  
  199  9:32  Ravager  
  200  9:44  Roach x2  
  186  10:00  Roach x8  
  186  10:06  Roach  
  178  10:15  Roach  
Show
View Real Time Build Order
Export as new Build Order

Elazer Zerg 

Build Orders: Pool First 

Get SALT Encoding   

  12  0:18  Spawning Pool  
  11  0:22  Drone  
  11  0:26  Drone  
  13  0:30  Drone  
  14  0:41  Overlord  
  14  1:05  Zergling x4  
  14  1:06  Zergling x2  
  17  1:16  Zergling x2  
  18  1:19  Hatchery  
  17  1:27  Zergling x2  
  18  1:34  Queen  
  18  1:39  Zergling x2  
  21  1:48  Overlord  
  21  2:00  Drone  
  22  2:10  Queen  
  22  2:12  Drone  
  24  2:21  Drone  
  25  2:31  Drone  
  25  2:34  Drone  
  26  2:43  Overlord  
  26  2:45  Drone x3  
  26  2:46  Drone  
  30  2:55  Drone  
  30  2:56  Drone  
  32  3:04  Drone  
  33  3:08  Drone  
  33  3:10  Extractor  
  33  3:13  Extractor  
  33  3:14  Drone x2  
  33  3:16  Drone  
  34  3:20  Drone  
  34  3:23  Drone  
  34  3:24  Drone x2  
  34  3:27  Overlord  
  38  3:30  Drone  
  39  3:36  Drone  
  39  3:40  Drone  
  41  3:46  Drone  
  42  3:48  Drone x3  
  42  3:53  Drone x2, Evolution Chamber  
  46  3:56  Extractor  
  46  3:57  Lair  
  46  4:00  Drone x2  
  47  4:03  Drone  
  47  4:05  Roach Warren  
  46  4:13  Overlord, Drone  
  47  4:19  Zerg Missile Weapons Level 1  
  47  4:27  Drone  
  47  4:31  Drone x3  
  47  4:32  Hatchery  
  47  4:33  Drone  
  47  4:35  Drone  
  47  4:37  Drone  
  52  4:40  Drone x2  
  54  4:46  Queen, Drone  
  54  4:51  Overlord  
  57  4:53  Overlord  
  57  4:56  Overlord  
  57  5:00  Glial Reconstitution  
  57  5:04  Roach  
  59  5:11  Overlord  
  59  5:16  Roach  
  59  5:17  Roach x4  
  68  5:21  Burrow  
  68  5:23  Overseer  
  68  5:28  Roach x3  
  74  5:32  Roach x2  
  74  5:35  Roach  
  80  5:37  Roach  
  80  5:42  Overlord  
  82  5:44  Roach x2  
  82  5:48  Roach  
  88  5:52  Roach  
  88  5:57  Overlord  
  90  6:05  Evolution Chamber  
  90  6:08  Roach x4  
  90  6:11  Drone  
  98  6:13  Extractor  
  98  6:16  Zerg Missile Weapons Level 2, Extractor  
  98  6:18  Drone x8  
  102  6:24  Overlord  
  102  6:25  Drone x2  
  106  6:35  Overlord  
  106  6:37  Zerg Ground Armor Level 1  
  106  6:42  Roach x4  
  106  6:44  Overlord  
  114  6:52  Roach x2  
  114  6:56  Roach x3  
  100  7:01  Roach  
  100  7:06  Roach  
  100  7:07  Roach x2  
  106  7:10  Roach  
  106  7:11  Roach  
  104  7:18  Roach x8  
  106  7:24  Roach x3  
  106  7:25  Roach x3  
  110  7:33  Roach x2  
  112  7:38  Roach  
  112  7:45  Overlord  
  112  7:46  Tunneling Claws  
  112  7:48  Roach x2, Hatchery  
  115  7:53  Roach x2  
  115  7:57  Roach  
  115  7:58  Roach x3  
  127  7:59  Overlord x3  
  127  8:01  Roach  
  129  8:05  Overseer  
  129  8:11  Roach x4  
  137  8:14  Drone  
  137  8:17  Overlord  
  138  8:26  Roach x6  
  150  8:30  Drone  
  150  8:31  Roach  
  150  8:32  Roach x3, Extractor  
  158  8:37  Roach x2  
  162  8:45  Roach x2  
  162  8:48  Ravager x2  
  166  8:53  Roach  
  166  9:06  Roach  
  166  9:08  Overlord  
  166  9:09  Overlord x2  
  164  9:14  Roach  
  164  9:15  Roach x8  
  166  9:20  Roach x2  
  168  9:31  Roach x10  
  168  9:34  Ravager  
  180  9:46  Roach x5  
  180  9:47  Roach  
  183  9:58  Roach x6  
  183  9:59  Roach  
  191  10:06  Overlord x2  
  183  10:14  Roach x3  
  147  10:16  Roach  
Tags
 
Add a new tag
Caveats
  • Supply blocks, unpowered buildings, or Contaminate may cause inaccurate times.
  • Supply counts are checked every 10 seconds.